 Dungeon Crawl Stone Soup version 0.30-a0-169-g06f667207d (webtiles) character file.

Game seed: 12877877517149391612

6322 Decritt the Fighter (level 11, 0/89 HPs)
             Began as a Djinni Conjurer on Sept 30, 2022.
             Was a Believer of Makhleb.
             Slain by a spriggan
             ... wielding a +0 trident
              (11 damage)
             ... in a bailey.
             The game lasted 00:26:52 (13353 turns).

Decritt the Fighter (Djinni Conjurer)              Turns: 13353, Time: 00:26:52

Health: 0/89       AC:  6    Str:  6    XL:     11   Next: 16%
Gold:   463        EV: 13    Int: 24    God:    Makhleb [**....] SH:  5 Dex: 12

rFire   + + .      SeeInvis .    m - +3 arbalest (venom)
rCold   x . .      Faith    .    (shield currently unavailable)
rNeg    . . .      Spirit   .    r - +0 leather armour
rPois   ∞          Reflect  +    (no helmet)
rElec   .          Harm     .    k - +0 cloak
rCorr   .          Rampage  .    u - +0 pair of gloves
Will    +....                    (boots unavailable)
Stlth   +.........               i - amulet of reflection
HPRegen 0.24/turn                (no ring)
MPRegen 0.00/turn                (no ring)

@: flying
A: sickness immunity, fire resistance 2, cold vulnerability 1, float, innate
caster, HP casting, extra vitality 1
a: Renounce Religion, Minor Destruction


You were in a bailey.
You worshipped Makhleb.
Makhleb was pleased with you.
You visited 1 branch of the dungeon, and saw 9 of its levels.
You also visited: Bailey.

You collected 463 gold pieces.

Inventory:

Hand Weapons
 m - a +3 arbalest of venom (weapon)
Missiles
 p - 4 throwing nets
Armour
 a - a +0 robe
 k - a +0 cloak (worn)
 r - a +0 leather armour (worn)
 u - a +0 pair of gloves (worn)
Magical Staves
 A - a staff of cold
Jewellery
 i - an amulet of reflection (around neck)
Wands
 t - a wand of light (16)
 w - a wand of charming (12)
 x - a wand of polymorph (29)
Scrolls
 l - 4 scrolls of teleportation
 y - a scroll of brand weapon
Potions
 c - a potion of magic {unknown}
 d - a potion of mutation {unknown}
 e - 2 potions of might
 f - 5 potions of curing
 g - 2 potions of heal wounds
 h - a potion of ambrosia
 j - 4 potions of flight
 n - a potion of degeneration {unknown}
 o - 3 potions of attraction
 q - a potion of berserk rage
 s - 2 potions of lignification {unknown}
 v - a potion of brilliance {unknown}
 z - a potion of resistance {unknown}


   Skills:
 * Level 12.0 Fighting
 + Level 4.4 Armour
 + Level 5.5 Dodging
 - Level 1.5 Stealth
 + Level 7.4 Spellcasting


You couldn't memorise any spells.
You knew the following spells:

 Your Spells              Type           Power      Damage    Failure   Level
a - Shock                 Conj/Air       100%       1d9       1%          1
b - Searing Ray           Conj           88%        2d7       1%          2
c - Call Imp              Summ           44%        N/A       1%          2
d - Fulminant Prism       Conj/Hex       22%        3d13      4%          4
e - Iskenderun's Mystic   Conj/Tloc      44%        2d10      4%          4
f - Magic Dart            Conj           100%       1d8       1%          1
g - Dazzling Flash        Conj/Hex       88%        N/A       1%          3
h - Frozen Ramparts       Ice            88%        1d14      1%          3
i - Confusing Touch       Hex            44%        N/A       1%          3
j - Agony                 Necr           44%        N/A       14%         5
Your spell library was empty.

Dungeon Overview and Level Annotations

Branches:
Dungeon (9/15)             Temple (0/1) D:6             Orc (0/2) D:9
 Bailey (1/1)
   Lair: D:8-11

Altars:
Dithmenos
Elyvilon
Gozag
Hepliaklqana
Makhleb
Trog

Annotations:
D:4 2 transporters


Innate Abilities, Weirdness & Mutations

You are immune to sickness and miasma.
You are immune to poison.
Your flesh is very heat resistant. (rF++)
You are vulnerable to cold. (rC-)
You float through the air rather than walking.
You learn spells naturally, not from books.
Your magical power is your life essence.
You have superior vitality. (+4 MHP)


Message History

You hear a shout! x2
A spriggan comes into view. It is wielding a +0 spear.
A spriggan comes into view. It is wielding a +0 trident.
The spriggan moves out of view.
You hear a shout!
You shoot a bolt. The bolt hits the spriggan!
The spriggan is poisoned.
The spriggan is severely wounded.
The spriggan hits you from afar with a +0 spear! x2
You shoot a bolt. The bolt closely misses the spriggan.
The bolt misses the spriggan.
The spriggan hits you from afar with a +0 spear.
The spriggan barely misses you.
The spriggan hits you from afar with a +0 spear!
The spriggan barely misses you.
Casting: Shock (safe; 1% risk of failure)
Confirm with . or Enter, or press ? or * to list all spells.
Aiming: Searing Ray (safe; 1% risk of failure)
Press: ? - help, Shift-Dir - straight line, f/p - spriggan
Aim: a spriggan, wielding a +0 spear (severely wounded, very poisoned, 63% to hit)
The searing ray misses the spriggan. (Press . to maintain the ray.)
* * * LOW HITPOINT WARNING * * *
The spriggan hits you from afar with a +0 spear!
* * * LOW HITPOINT WARNING * * *
The spriggan closely misses you.
The spriggan hits you from afar with a +0 spear!
* * * LOW HITPOINT WARNING * * *
You kill the spriggan!
Makhleb accepts your kill.
You feel better. The spriggan closely misses you.
The spriggan hits you from afar with a +0 trident!
* * * LOW HITPOINT WARNING * * *
The spriggan hits you from afar with a +0 spear.
* * * LOW HITPOINT WARNING * * *
The spriggan misses you.
The spriggan hits you from afar with a +0 spear.
* * * LOW HITPOINT WARNING * * *
The spriggan hits you from afar with a +0 trident!
You die...

#########
##..i....## ###
##.@.i.....##
##.##
##..#♣#♣###..##
##...## ##..♣#
♣♣..## #.....#
##).## #♣).#
##.....###).##
#...#
#...∩..~~~..#
#...#
#......~~~..#
#~..#
#......~~~..#
~~..#
#......~~~..♣
#~..#


You could see 2 spriggans.

Vanquished Creatures
  Pikel (D:5)
  A wraith (D:7)
  2 spriggans (Bailey)
  10 yaks (D:8)
  An orc warrior (D:7)
  4 ice beasts
  3 sky beasts (D:7)
  4 black bears
  4 ogres
  2 centaurs
  2 phantoms
  A lemure (D:5)
  4 bullfrogs
  A necrophage (D:5)
  18 wights
  A vampire bat (D:5)
  2 jellies
  A quasit (D:8)
  A gnoll bouda (D:6)
  2 orc priests (D:3)
  7 hounds
  3 orc wizards
  A statue (D:4)
  15 gnolls
  8 adders
  A river rat (D:5)
  2 shadow imps
  3 white imps
  5 ufetubi
  A worm (D:3)
  A dart slug (D:1)
  12 orcs
  3 bat skeletons (D:5)
  3 bat zombies (D:5)
  7 endoplasms
  5 giant cockroaches
  11 goblins
  10 hobgoblins
  4 jackals (D:2)
  A quokka (D:3)
  8 ball pythons
  3 bats
  3 frilled lizards (D:1)
  8 kobolds
  5 rats
195 creatures vanquished.

Vanquished Creatures (collateral kills)
  A gnoll (D:4)
  An endoplasm (D:4)
  A kobold (D:4)
3 creatures vanquished.

Vanquished Creatures (others)
  A kobold brigand (D:7)
  A demonic plant (D:8)
2 creatures vanquished.

Grand Total: 200 creatures vanquished

Notes
Turn   | Place    | Note
-------+----------+-------------------------------------------
     0 | D:1      | Decritt the Djinni Conjurer began the quest for the Orb.
     0 | D:1      | Decritt set off with the following spells memorised: Magic
                  | Dart, Searing Ray, Dazzling Flash, Fulminant Prism,
                  | Iskenderun's Mystic Blast.
     0 | D:1      | Reached XP level 1. HP: 15/15 MP: 0/0
   227 | D:1      | Reached skill level 1 in Fighting
   227 | D:1      | Reached XP level 2. HP: 18/22 MP: 0/0
   663 | D:1      | Reached XP level 3. HP: 17/28 MP: 0/0
   663 | D:1      | Learned a level 1 spell: Shock
   995 | D:1      | Reached skill level 2 in Fighting
  1471 | D:2      | Reached XP level 4. HP: 30/34 MP: 0/0
  1788 | D:2      | Reached skill level 3 in Fighting
  1889 | D:2      | Found an opulent altar of Gozag.
  2238 | D:2      | Reached XP level 5. HP: 30/40 MP: 0/0
  2238 | D:2      | Learned a level 2 spell: Call Imp
  2975 | D:3      | Reached skill level 4 in Fighting
  3122 | D:3      | Reached XP level 6. HP: 8/47 MP: 0/0
  4259 | D:4      | Found a transporter.
  4379 | D:4      | Reached skill level 5 in Fighting
  4379 | D:4      | Reached XP level 7. HP: 38/54 MP: 0/0
  4379 | D:4      | Learned a level 3 spell: Frozen Ramparts
  4905 | D:4      | Found a bloodstained altar of Trog.
  4908 | D:4      | Found a transporter.
  4910 | D:4      | Noticed a fire bat
  4910 | D:4      | Noticed a fire bat
  4949 | D:4      | Noticed a fire bat
  5158 | D:5      | Entered Level 5 of the Dungeon
  5179 | D:4      | Reached skill level 6 in Fighting
  5673 | D:5      | Noticed Pikel
  5687 | D:5      | Killed Pikel
  5688 | D:5      | Reached skill level 7 in Fighting
  5688 | D:5      | Reached skill level 5 in Spellcasting
  5688 | D:5      | Reached XP level 8. HP: 4/65 MP: 0/0
  6049 | D:5      | Reached skill level 8 in Fighting
  6623 | D:5      | Reached XP level 9. HP: 65/71 MP: 0/0
  6623 | D:5      | Learned a level 3 spell: Confusing Touch
  7194 | D:6      | Reached skill level 9 in Fighting
  7609 | D:6      | Identified the +1 ring mail "Jaic" {Stlth+}
  8074 | D:6      | Found a burning altar of Makhleb.
  8094 | D:6      | Became a worshipper of Makhleb the Destroyer
  8258 | D:6      | Found a staircase to the Ecumenical Temple.
  8414 | D:6      | Reached skill level 10 in Fighting
  8702 | D:6      | Found a shadowy altar of Dithmenos.
  8865 | D:7      | Reached skill level 1 in Armour
  8942 | D:7      | Reached XP level 10. HP: 32/81 MP: 0/0
  9896 | D:7      | Found a hazy altar of Hepliaklqana.
  9918 | D:7      | Reached * piety under Makhleb
 10356 | D:7      | Found a white marble altar of Elyvilon.
 10384 | D:7      | Reached skill level 11 in Fighting
 11408 | D:8      | Found the +18 Lear's hauberk
 12420 | D:8      | Found an opulent altar of Gozag.
 12426 | D:8      | Reached skill level 5 in Dodging
 12443 | D:8      | Reached XP level 11. HP: 24/89 MP: 0/0
 12443 | D:8      | Learned a level 5 spell: Agony
 12731 | D:8      | Reached ** piety under Makhleb
 13056 | D:9      | Found a flagged portal.
 13142 | Bailey   | Entered a bailey
 13336 | Bailey   | Reached skill level 12 in Fighting
 13353 | Bailey   | Slain by a spriggan

Illustrated notes

Levels and vault maps discovered:
D:1:      lightli_arrival_quake, layout_loops_ring
D:2:      layout_loops_ring, basic_altar, minmay_tiny_reverse_x
D:3:      layout_loops_ring, chequers_serial_rivers_room_a
D:4:      gammafunk_cloud_chamber, layout_cave_pods, vehumet_statue,
          kennysheep_mini
D:5:      layout_basic, kennysheep_vampire_church,
          cheibrodos_sewer_entry_sluice, uniq_pikel
D:6:      layout_loops_ring, lemuel_coloured_pillars_altar,
          mainiacjoe_overflow_24_doors, minmay_temple_entry_mist,
          solitary_fountain, eino_tiny_chamber, kennysheep_decorative_pillar
D:7:      kennysheep_six_static_rooms, layout_basic,
          mainiacjoe_overflow_chevrons, nicolae_hepliaklqana_hazy_memory
D:8:      layout_loops_ring, mainiacjoe_overflow_surrounded_room,
          serial_demonic, serial_demonic_b, serial_demonic_c, serial_demonic_d,
          serial_demonic_c
D:9:      layout_loops_ring, nicolae_uskayaw_dance_hall,
          nicolae_overflow_hidden_temple, erik_orc_2, enter_bailey_5
Bailey:   bailey_polearm_enchanted_keep_hellmonk, bailey

Skill      XL: |  1  2  3  4  5  6  7  8  9 10 11 |
---------------+----------------------------------+-----
Fighting       | 1 2 3 4 5 7 8 10 11 12 | 12.0
Spellcasting   | 4 5 6 7 |  7.4
Armour         | 1 4 |  4.4
Dodging        | 5 |  5.5
Stealth        | |  1.5

Action                   |  1- 3 |  4- 6 |  7- 9 | 10-12 || total
-------------------------+-------+-------+-------+-------++-------
Melee: Unarmed           |     3 |       |       |       ||     3
 Fire: Arbalest          |       |    40 |    42 |    75 ||   157
 Cast: Magic Dart        |    64 |    83 |     5 |       ||   152
       Searing Ray       |       |     6 |    22 |    33 ||    61
       Shock             |       |       |    98 |    32 ||   130
       Call Imp          |       |       |     6 |       ||     6
       Frozen Ramparts   |       |       |     1 |       ||     1
  Use: Scroll            |       |     9 |     7 |     3 ||    19
Armor: Robe              |     3 |    12 |    17 |     2 ||    34
       Leather armour    |       |       |       |    18 ||    18
Dodge: Dodged            |     8 |    43 |    71 |    74 ||   196
Block: Other             |       |     2 |    25 |    33 ||    60
       Reflection        |       |       |     1 |     4 ||     5

Table legend: (Time is in decaauts)
 A = Elapsed time spent in this place.
 B = Non-inter-level travel time spent in this place.
 C = Inter-level travel time spent in this place.
 D = Time resting spent in this place.
 E = Time spent auto-exploring this place.
 F = Levels seen in this place.
 G = Mean time per level.
                   A        B        C        D        E       F      G
               +--------+--------+--------+--------+--------+-----+--------+
         Total |  13526 |  13302 |    224 |   4387 |   7422 |  10 | 1352.6 |
       Dungeon |  13303 |  13079 |    224 |   4270 |   7356 |   9 | 1478.1 |
        Bailey |    222 |    222 |      0 |    117 |     66 |   1 |  222.0 |
               +--------+--------+--------+--------+--------+-----+--------+

Top non-repeatable levels by time:
     D:7: 2412 daAuts
     D:8: 1982 daAuts
     D:5: 1927 daAuts
     D:2: 1528 daAuts
     D:4: 1466 daAuts
     D:6: 1451 daAuts
     D:3: 1302 daAuts
     D:1: 1118 daAuts
  Bailey: 222 daAuts
     D:9: 113 daAuts
